Map: El Dorado

Players

tomiokaai

  • Race: Zerg Zerg
  • League: Diamond
  • Spawn Location: 5:00

wootwoot - Winner!

  • Race: Zerg Zerg
  • League: Diamond
  • Spawn Location: 7:00

VOD

Have the link to the VOD?

Description

Time

  • Played on: April 2, 2025, 5:28 p.m.
  • Length: 4:18
Show
View Real Time Build Order
Export as new Build Order

tomiokaai Zerg 

Build Orders: Hatch First 

Get SALT Encoding   

  12  0:00  Drone  
  13  0:12  Overlord  
  13  0:18  Drone  
  14  0:31  Drone  
  14  0:32  Drone  
  16  0:49  Hatchery  
  15  0:53  Drone  
  15  0:55  Drone  
  17  1:03  Drone  
  18  1:11  Extractor  
  17  1:17  Spawning Pool  
  16  1:19  Drone  
  16  1:22  Drone  
  18  1:35  Drone  
  20  1:40  Drone  
  20  1:54  Overlord  
  20  2:05  Queen x2  
  20  2:06  Zergling x2  
  20  2:07  Zergling x2  
  26  2:22  Metabolic Boost  
  26  2:23  Spine Crawler  
  26  2:24  Zergling x2  
  26  2:26  Zergling x2  
  27  2:30  Zergling x2  
  27  2:33  Zergling x2  
  27  2:36  Zergling x2  
  30  2:46  Zergling x4  
  28  2:52  Zergling x2  
  28  2:55  Zergling x4  
  27  3:07  Zergling x4  
  27  3:18  Zergling x4  
  29  3:37  Zergling x4  
  29  3:39  Zergling x4  
  29  3:47  Zergling x2  
  20  4:11  Hatchery  
Show
View Real Time Build Order
Export as new Build Order

wootwoot Zerg - Winner!

Build Orders: Hatch First 

Get SALT Encoding   

  12  0:00  Drone  
  13  0:09  Drone  
  13  0:13  Extractor  
  13  0:15  Drone  
  15  0:37  Hatchery  
  15  0:38  Extractor  
  15  0:41  Drone  
  14  0:57  Spawning Pool  
  14  1:01  Drone  
  14  1:11  Overlord  
  14  1:43  Metabolic Boost  
  14  1:45  Zergling x6  
  17  1:49  Zergling x2  
  18  1:56  Zergling x2  
  19  2:03  Zergling x2  
  19  2:05  Queen  
  22  2:09  Zergling x2  
  22  2:13  Zergling x2  
  24  2:20  Overlord  
  24  2:25  Zergling x2  
  25  2:31  Overlord  
  25  2:37  Zergling x2  
  25  2:40  Zergling x2  
  27  2:45  Zergling x2  
  26  2:53  Zergling x4  
  26  3:00  Zergling x2  
  26  3:05  Zergling x2  
  28  3:11  Zergling x2  
  29  3:15  Zergling x2  
  30  3:22  Zergling x2  
  30  3:23  Zergling x4  
  30  3:26  Zergling x2  
  33  3:27  Zergling x2  
  33  3:32  Zergling x2  
  35  3:37  Zergling x2  
  31  3:43  Zergling x2  
  27  3:50  Zergling x2  
  27  3:51  Zergling x2  
  27  3:52  Zergling x2  
  27  3:54  Zergling x2  
  29  3:59  Zergling x2  
Tags
 
Matchup
ZvZ
Race
Zerg
Replay Pack
B2M-Replays
Spawn Locations
Close Positions
Add a new tag
Caveats
  • Supply blocks, unpowered buildings, or Contaminate may cause inaccurate times.
  • Supply counts are checked every 10 seconds.